| TOP OF THE 1ST |
|
Los Angeles Dodgers batting - Pitching for San Francisco Giants : RHP Curt Howland
|
|
Pitching: RHP Curt Howland
|
|
|
Batting: RHB Clay Buchanan
|
0-0: Swinging Strike 0-1: Ball 1-1: Ball 2-1: Ball 3-1: Ground out 5-3 (Groundball, 56S, EV 61.2 MPH)
|
|
Batting: RHB Tsutomu Irie
|
0-0: Ball 1-0: Ball 2-0: Ball 3-0: Called Strike 3-1: Foul Ball, location: 2F 3-2: Strikes out swinging
|
|
Batting: LHB Lirak Bazhunaishvili
|
0-0: Ball 1-0: Ball 2-0: Called Strike 2-1: Swinging Strike 2-2: Foul Ball, location: 2F 2-2: Foul Ball, location: 2F 2-2: Strikes out swinging
|
| Top of the 1st over - 0 runs, 0 hits, 0 errors, 0 left on base; Los Angeles 0 - San Francisco 0 |
| BOTTOM OF THE 1ST |
|
San Francisco Giants batting - Pitching for Los Angeles Dodgers : RHP Gyu-hyun Kim
|
|
Pitching: RHP Gyu-hyun Kim
|
|
|
Batting: SHB Ryan Doss
|
0-0: Called Strike 0-1: Ball 1-1: SINGLE (Groundball, 34D, EV 95.0 MPH)
|
|
Batting: RHB Bill Defazio
|
0-0: Ball 1-0: Ball 2-0: Swinging Strike 2-1: Foul Ball, location: 2F 2-2: SINGLE (Groundball, 3D, EV 98.1 MPH) Ryan Doss to second Runner from 2nd tries for 3rd, SAFE, throw by RF made to third
|
|
Batting: LHB Jack Henningar
|
0-0: Foul Ball, location: 2F 0-1: Called Strike 0-2: Strikes out swinging
|
|
Batting: LHB Carey Horncole
|
0-0: Ball 1-0: Ball 2-0: Ball 3-0: Called Strike 3-1: Base on Balls Bill Defazio to second
|
|
Batting: LHB Tom Best
|
0-0: Ball 1-0: Ball 2-0: Ball 3-0: Base on Balls Ryan Doss scores Bill Defazio to third Carey Horncole to second
|
|
Batting: RHB Nate Hodson
|
0-0: Called Strike 0-1: Foul Ball, location: 2F 0-2: Foul Ball, location: 2F 0-2: Foul Ball, location: 2F 0-2: Fly out, F7 (Flyball, 7LD, EV 90.6 MPH) Runner from 3rd tags up, OUT at HOME! 7-2
|
| Bottom of the 1st over - 1 run, 2 hits, 0 errors, 2 left on base; Los Angeles 0 - San Francisco 1 |
| TOP OF THE 2ND |
|
Los Angeles Dodgers batting - Pitching for San Francisco Giants : RHP Curt Howland
|
|
Batting: SHB Shane Marcum
|
0-0: Called Strike 0-1: Swinging Strike 0-2: Strikes out swinging
|
|
Batting: LHB Juan Concepcion
|
0-0: Ball 1-0: Foul Ball, location: 2F 1-1: Foul Ball, location: 2F 1-2: Strikes out looking
|
|
Batting: RHB Danny Dyer
|
0-0: Ball 1-0: Ball 2-0: DOUBLE (Groundball, 5L, EV 103.8 MPH)
|
|
Batting: SHB Joel Baker
|
0-0: Foul Ball, location: 2F 0-1: Foul Ball, location: 2F 0-2: Ball 1-2: Strikes out swinging
|
| Top of the 2nd over - 0 runs, 1 hit, 0 errors, 1 left on base; Los Angeles 0 - San Francisco 1 |
| BOTTOM OF THE 2ND |
|
San Francisco Giants batting - Pitching for Los Angeles Dodgers : RHP Gyu-hyun Kim
|
|
Batting: SHB Bill Dooms
|
0-0: Called Strike 0-1: Ball 1-1: Swinging Strike 1-2: Ball 2-2: SINGLE (Line Drive, 4D, EV 96.9 MPH)
|
|
Batting: LHB John Blair
|
0-0: Ball 1-0: Foul Ball, location: 2F 1-1: Reached on error, E6 (Groundball, 6S, EV 88.1 MPH) Bill Dooms to second
|
|
Batting: LHB Ryan Braden
|
0-0: Ball 1-0: Foul Ball, location: 2F 1-1: Ball 2-1: Swinging Strike 2-2: Foul Ball, location: 2F 2-2: Ball 3-2: Foul Ball, location: 2F 3-2: Grounds into double play, 6-4-3 (Groundball, 6, EV 86.2 MPH) Bill Dooms to third
|
|
Batting: SHB Ryan Doss
|
0-0: Foul Ball, location: 2F 0-1: Fly out, F5 (Popup, 15S, EV 89.4 MPH)
|
| Bottom of the 2nd over - 0 runs, 1 hit, 1 error, 1 left on base; Los Angeles 0 - San Francisco 1 |
| TOP OF THE 3RD |
|
Los Angeles Dodgers batting - Pitching for San Francisco Giants : RHP Curt Howland
|
|
Batting: RHB Tim Nettles
|
0-0: Called Strike 0-1: Foul Ball, location: 2F 0-2: Ball 1-2: Ground out 3-1 (Groundball, 34, EV 108.8 MPH)
|
|
Batting: RHB Leonardo Nava
|
0-0: Foul Ball, location: 2F 0-1: Ball 1-1: Fly out, F8 (Line Drive, 78M, EV 95.6 MPH)
|
|
Batting: RHB Clay Buchanan
|
0-0: Swinging Strike 0-1: Swinging Strike 0-2: Strikes out looking
|
| Top of the 3rd over - 0 runs, 0 hits, 0 errors, 0 left on base; Los Angeles 0 - San Francisco 1 |
| BOTTOM OF THE 3RD |
|
San Francisco Giants batting - Pitching for Los Angeles Dodgers : RHP Gyu-hyun Kim
|
|
Batting: RHB Bill Defazio
|
0-0: Ball 1-0: Fly out, F8 (Flyball, 8LD, EV 91.2 MPH)
|
|
Batting: LHB Jack Henningar
|
0-0: Ball 1-0: Ball 2-0: Fly out, F4 (Line Drive, 4, EV 71.2 MPH)
|
|
Batting: LHB Carey Horncole
|
0-0: Ball 1-0: Ball 2-0: Called Strike 2-1: SOLO HOME RUN (Flyball, 7D, EV 97.5 MPH), Distance : 373 ft
|
|
Batting: LHB Tom Best
|
0-0: Ball 1-0: Ball 2-0: Swinging Strike 2-1: Ball 3-1: Called Strike 3-2: Fly out, F8 (Line Drive, 8LM, EV 87.5 MPH)
|
| Bottom of the 3rd over - 1 run, 1 hit, 0 errors, 0 left on base; Los Angeles 0 - San Francisco 2 |
| TOP OF THE 4TH |
|
Los Angeles Dodgers batting - Pitching for San Francisco Giants : RHP Curt Howland
|
|
Batting: RHB Tsutomu Irie
|
0-0: Ball 1-0: Ball 2-0: Ball 3-0: Called Strike 3-1: Called Strike 3-2: Base on Balls
|
|
Batting: LHB Lirak Bazhunaishvili
|
0-0: DOUBLE (Groundball, 5L, EV 102.5 MPH) Tsutomu Irie to third
|
|
Batting: SHB Shane Marcum
|
0-0: Ball 1-0: Foul Ball, location: 2F 1-1: Foul Ball, location: 2F 1-2: Ball 2-2: Ball 3-2: Strikes out looking
|
|
Batting: LHB Juan Concepcion
|
0-0: Foul Ball, location: 2F 0-1: Fly out, F8 (Flyball, 89D, EV 90.0 MPH) Runner from 3rd tags up, SCORES, no throw by CF
|
|
Batting: RHB Danny Dyer
|
0-0: Ball 1-0: Swinging Strike 1-1: Swinging Strike 1-2: Ball 2-2: Strikes out looking
|
| Top of the 4th over - 1 run, 1 hit, 0 errors, 1 left on base; Los Angeles 1 - San Francisco 2 |
| BOTTOM OF THE 4TH |
|
San Francisco Giants batting - Pitching for Los Angeles Dodgers : RHP Gyu-hyun Kim
|
|
Batting: RHB Nate Hodson
|
0-0: Foul Ball, location: 2F 0-1: Fly out, F7 (Flyball, 78M, EV 81.2 MPH)
|
|
Batting: SHB Bill Dooms
|
0-0: Ball 1-0: Ball 2-0: SINGLE (Groundball, 4MD, EV 111.2 MPH)
|
|
Batting: LHB John Blair
|
0-0: Ball 1-0: Ball 2-0: Called Strike 2-1: Ball 3-1: Swinging Strike 3-2: Strikes out swinging
|
|
Batting: LHB Ryan Braden
|
0-0: Foul Ball, location: 2F 0-1: Fly out, F6 (Popup, 4M, EV 75.0 MPH)
|
| Bottom of the 4th over - 0 runs, 1 hit, 0 errors, 1 left on base; Los Angeles 1 - San Francisco 2 |
| TOP OF THE 5TH |
|
Los Angeles Dodgers batting - Pitching for San Francisco Giants : RHP Curt Howland
|
|
Batting: SHB Joel Baker
|
0-0: Called Strike 0-1: Ball 1-1: Ball 2-1: Foul Ball, location: 2F 2-2: Foul Ball, location: 2F 2-2: Ground out 4-3 (Groundball, 34, EV 107.5 MPH)
|
|
Batting: RHB Tim Nettles
|
0-0: Swinging Strike 0-1: Swinging Strike 0-2: Ball 1-2: Strikes out looking
|
|
Batting: RHB Leonardo Nava
|
0-0: Foul Ball, location: 2F 0-1: Ground out 3-1 (Groundball, 34, EV 80.6 MPH)
|
| Top of the 5th over - 0 runs, 0 hits, 0 errors, 0 left on base; Los Angeles 1 - San Francisco 2 |
| BOTTOM OF THE 5TH |
|
San Francisco Giants batting - Pitching for Los Angeles Dodgers : RHP Gyu-hyun Kim
|
|
Batting: SHB Ryan Doss
|
0-0: Ball 1-0: Ball 2-0: Ball 3-0: Base on Balls
|
|
Batting: RHB Bill Defazio
|
0-0: Fly out, F8 (Flyball, 8RXD, EV 96.2 MPH)
|
|
Batting: LHB Jack Henningar
|
0-0: Ball 1-0: Ball 2-0: Ball 3-0: Called Strike 3-1: Base on Balls Ryan Doss to second
|
|
Batting: LHB Carey Horncole
|
0-0: Called Strike 0-1: Foul Ball, location: 2F 0-2: 3-RUN HOME RUN (Flyball, 7D, EV 98.1 MPH), Distance : 374 ft
|
|
Pitching: RHP Nate Allen
|
|
|
Batting: LHB Tom Best
|
0-0: Ball 1-0: Ball 2-0: Ball 3-0: Base on Balls
|
|
Batting: RHB Nate Hodson
|
0-0: Called Strike Pickoff Throw by Catcher to First - Out! 0-1: DOUBLE (Line Drive, 3D, EV 104.4 MPH)
|
|
Batting: SHB Bill Dooms
|
0-0: Ground out 6-3 (Groundball, 6, EV 111.2 MPH)
|
| Bottom of the 5th over - 3 runs, 2 hits, 0 errors, 1 left on base; Los Angeles 1 - San Francisco 5 |
| TOP OF THE 6TH |
|
Los Angeles Dodgers batting - Pitching for San Francisco Giants : RHP Curt Howland
|
|
Batting: RHB Clay Buchanan
|
0-0: Ball 1-0: Called Strike 1-1: Ball 2-1: Called Strike 2-2: Foul Ball, location: 2F 2-2: Ground out 6-3 (Groundball, 6, EV 83.8 MPH)
|
|
Batting: RHB Tsutomu Irie
|
0-0: Foul Ball, location: 2F 0-1: Ball 1-1: Ball 2-1: Ball 3-1: Foul Ball, location: 2F 3-2: Base on Balls
|
|
Batting: LHB Lirak Bazhunaishvili
|
0-0: Ball 1-0: Swinging Strike 1-1: Ball 2-1: Foul Ball, location: 2F 2-2: Ball 3-2: Strikes out swinging Tsutomu Irie is caught stealing 2nd base 2-6 Batter strikes out.
|
| Top of the 6th over - 0 runs, 0 hits, 0 errors, 0 left on base; Los Angeles 1 - San Francisco 5 |
| BOTTOM OF THE 6TH |
|
San Francisco Giants batting - Pitching for Los Angeles Dodgers : RHP Nate Allen
|
|
Batting: LHB John Blair
|
0-0: Called Strike 0-1: Fly out, F6 (Line Drive, 6, EV 72.5 MPH)
|
|
Batting: LHB Ryan Braden
|
0-0: Ball 1-0: Swinging Strike 1-1: Ball 2-1: Foul Ball, location: 2F 2-2: Strikes out swinging
|
|
Batting: SHB Ryan Doss
|
0-0: Ball 1-0: Ball 2-0: Called Strike 2-1: DOUBLE (Flyball, 8LXD, EV 101.9 MPH)
|
|
Batting: RHB Bill Defazio
|
0-0: Ball 1-0: Ball 2-0: Ground out U3 (Groundball, 34, EV 81.9 MPH)
|
| Bottom of the 6th over - 0 runs, 1 hit, 0 errors, 1 left on base; Los Angeles 1 - San Francisco 5 |
| TOP OF THE 7TH |
|
Los Angeles Dodgers batting - Pitching for San Francisco Giants : RHP Curt Howland
|
|
Batting: SHB Shane Marcum
|
0-0: Ball 1-0: SINGLE (Flyball, 56D, EV 98.8 MPH)
|
|
Batting: LHB Juan Concepcion
|
0-0: Called Strike 0-1: Called Strike 0-2: Strikes out swinging
|
|
Batting: RHB Danny Dyer
|
0-0: Called Strike 0-1: Ball 1-1: Fly out, F8 (Flyball, 89D, EV 93.1 MPH)
|
|
Pitching: RHP Alex Montes
|
|
|
Batting: SHB Joel Baker
|
0-0: Foul Ball, location: 2F 0-1: Ball 1-1: Ball 2-1: Foul Ball, location: 2F 2-2: Ball 3-2: Fly out, F5 (Popup, 5, EV 68.8 MPH)
|
| Top of the 7th over - 0 runs, 1 hit, 0 errors, 1 left on base; Los Angeles 1 - San Francisco 5 |
| BOTTOM OF THE 7TH |
|
San Francisco Giants batting - Pitching for Los Angeles Dodgers : RHP Nate Allen
|
|
Batting: LHB Jack Henningar
|
0-0: Ball 1-0: Called Strike 1-1: Ball 2-1: Ball 3-1: Ground out 5-3 (Groundball, 56, EV 90.0 MPH)
|
|
Batting: LHB Carey Horncole
|
0-0: Ball 1-0: Ball 2-0: Ball 3-0: Base on Balls
|
|
Batting: LHB Tom Best
|
0-0: Called Strike 0-1: Called Strike 0-2: Ball 1-2: Ball 2-2: Ball 3-2: Foul Ball, location: 2F 3-2: Base on Balls Carey Horncole to second
|
|
Pitching: RHP Jon Schau
|
|
|
Batting: RHB Nate Hodson
|
0-0: Ball 1-0: Ball 2-0: Called Strike 2-1: Swinging Strike 2-2: Foul Ball, location: 2F 2-2: Foul Ball, location: 2F 2-2: Strikes out looking
|
|
Batting: SHB Bill Dooms
|
0-0: Foul Ball, location: 2F 0-1: Fly out, F5 (Popup, 5F, EV 80.6 MPH)
|
| Bottom of the 7th over - 0 runs, 0 hits, 0 errors, 2 left on base; Los Angeles 1 - San Francisco 5 |
| TOP OF THE 8TH |
|
Los Angeles Dodgers batting - Pitching for San Francisco Giants : RHP Alex Montes
|
|
Batting: RHB Tim Nettles
|
0-0: Foul Ball, location: 2F 0-1: Ball 1-1: Fly out, F9 (Flyball, 9LS, EV 96.2 MPH)
|
|
Batting: RHB Leonardo Nava
|
0-0: Foul Ball, location: 2F 0-1: Foul Ball, location: 2F 0-2: Foul Ball, location: 2F 0-2: Foul Ball, location: 2F 0-2: Ball 1-2: Foul Ball, location: 2F 1-2: Ball 2-2: Strikes out swinging
|
|
Batting: RHB Clay Buchanan
|
0-0: Ball 1-0: Foul Ball, location: 2F 1-1: Ground out 5-3 (Groundball, 56S, EV 83.1 MPH)
|
| Top of the 8th over - 0 runs, 0 hits, 0 errors, 0 left on base; Los Angeles 1 - San Francisco 5 |
| BOTTOM OF THE 8TH |
|
San Francisco Giants batting - Pitching for Los Angeles Dodgers : RHP Jon Schau
|
|
Batting: LHB John Blair
|
0-0: Ball 1-0: SOLO HOME RUN (Flyball, 78XD, EV 111.9 MPH), Distance : 430 ft
|
|
Batting: LHB Ryan Braden
|
0-0: Called Strike 0-1: Ball 1-1: Foul Ball, location: 2F 1-2: Ball 2-2: Fly out, F7 (Flyball, 7S, EV 82.5 MPH)
|
|
Batting: SHB Ryan Doss
|
0-0: Ball 1-0: Ball 2-0: Foul Ball, location: 2F 2-1: Ball 3-1: Foul Ball, location: 2F 3-2: Ground out 4-3 (Groundball, 4, EV 83.1 MPH)
|
|
Batting: RHB Bill Defazio
|
0-0: Foul Ball, location: 2F 0-1: Ground out 4-3 (Groundball, 4, EV 84.4 MPH)
|
| Bottom of the 8th over - 1 run, 1 hit, 0 errors, 0 left on base; Los Angeles 1 - San Francisco 6 |
| TOP OF THE 9TH |
|
Los Angeles Dodgers batting - Pitching for San Francisco Giants : RHP Alex Montes
|
|
Batting: RHB Tsutomu Irie
|
0-0: Foul Ball, location: 2F 0-1: Ball 1-1: Foul Ball, location: 2F 1-2: SINGLE (Groundball, 34D, EV 94.4 MPH)
|
|
Batting: LHB Lirak Bazhunaishvili
|
0-0: Ball 1-0: Foul Ball, location: 2F 1-1: Foul Ball, location: 2F 1-2: Fly out, F8 (Flyball, 8RM, EV 94.4 MPH)
|
|
Batting: SHB Shane Marcum
|
0-0: Ball 1-0: Foul Ball, location: 2F 1-1: DOUBLE (Groundball, 5L, EV 97.5 MPH) Tsutomu Irie to third
|
|
Pitching: LHP Tyler Stancil
|
|
|
Batting: LHB Juan Concepcion
|
0-0: Swinging Strike 0-1: Called Strike 0-2: Ball 1-2: Ball 2-2: Strikes out swinging
|
|
Batting: RHB Danny Dyer
|
0-0: Ground out 6-3 (Groundball, 56, EV 107.5 MPH)
|
| Top of the 9th over - 0 runs, 2 hits, 0 errors, 2 left on base; Los Angeles 1 - San Francisco 6 |
|